AoeStats
← Vegeta

African Clearing

506079064Analyzed
4v4 RM · 19d ago on Sep 12, 2026· 35m 16s· 8 players
Game mode
Random Map
Map size
Large (8 player)
Population
200
Speed
Normal
Resources
Standard
Victory
Conquest
Starting age
Dark Age
Ending age
Imperial Age
RankedLock teamsTeams togetherTeam positionsShared explorationLock speedFull tech treeHidden civsTurbo modeCheats
Victory
Defeat
🇩🇪 Persians · Germany
1613
+14
🇪🇸 Huns · Spain
1603
+14
🇧🇪 Mongols · Belgium
1592
+15
🇺🇸 Jurchens · United States
1553
+16
🇸🇬 Spanish · Singapore
1760
-23
🇻🇳 Magyars · Vietnam
1604
-16
🇹🇷 Huns · Türkiye
1473
-11
🇻🇳 Mongols · Vietnam
1426
-9
ashleylynn
10:28 Loom
12:55 Feudal Age
13:45 Town Watch
14:16 Double-Bit Axe
18:00 Wheelbarrow
19:14 Forging
24:31 Castle Age
26:29 Bow Saw
26:58 Fletching
Malice
4:25 Loom
13:11 Feudal Age
14:49 Fletching
24:32 Castle Age
23:26 Padded Archer Armor
24:24 Padded Archer Armor
25:20 Bodkin Arrow
25:16 Crossbowman
30:19 Double-Bit Axe
31:39 Elite Skirmisher
Pelopincho
3:01 Loom
12:01 Feudal Age
12:36 Double-Bit Axe
14:10 Horse Collar
16:06 Scale Barding Armor
16:47 Forging
18:01 Bloodlines
18:40 Wheelbarrow
23:03 Castle Age
21:12 Gold Mining
24:26 Bow Saw
24:17 Heavy Plow
24:19 Husbandry
23:39 Light Cavalry
24:41 Chain Barding Armor
24:56 Iron Casting
29:10 Gold Shaft Mining
31:46 Stone Mining
32:30 Town Watch
OIDA | Brix
6:47 Loom
11:34 Feudal Age
12:05 Double-Bit Axe
12:12 Town Watch
19:16 Castle Age
18:14 Forging
21:40 Scale Barding Armor
24:21 Bow Saw
27:02 Husbandry
27:13 Bloodlines
31:29 Horse Collar
35:53 Wheelbarrow
MuRoo*
7:13 Loom
14:22 Feudal Age
19:06 Castle Age
18:29 Double-Bit Axe
18:26 Horse Collar
27:13 Scale Barding Armor
28:20 Bloodlines
30:31 Wheelbarrow
30:10 Husbandry
31:16 Forging
32:16 Chain Barding Armor
timembh
8:27 Loom
12:42 Feudal Age
14:17 Town Watch
19:20 Wheelbarrow
21:44 Castle Age
22:44 Fletching
25:09 Bodkin Arrow
26:39 Padded Archer Armor
Vegeta
4:18 Loom
13:27 Feudal Age
17:36 Castle Age
17:43 Double-Bit Axe
17:40 Horse Collar
18:17 Town Watch
25:04 Husbandry
27:02 Bloodlines
30:06 Padded Archer Armor
31:19 Leather Archer Armor
32:43 Wheelbarrow
37:48 Imperial Age
shogun
3:19 Loom
13:55 Feudal Age
17:44 Double-Bit Axe
19:20 Fletching
20:03 Padded Archer Armor
32:55 Wheelbarrow
36:09 Castle Age
34:01 Horse Collar
Connection lost

Rejoining the realm…

Still unreachable

The connection could not be restored.

Session expired

The server has moved on; the page needs a fresh start.